 Dungeon Crawl Stone Soup version 0.24.0-123-gd5b16e6ec5 (webtiles) character file.

Game seed: 13956582085090974332, levelgen mode: deterministic

535 Descartes the Skirmisher (level 7, -15/55 HPs)
             Began as a Formicid Abyssal Knight on Dec 29, 2019.
             Was a Believer of Lugonu.
             Demolished by an ogre
             ... wielding a +0 giant club
              (20 damage)
             ... on level 4 of the Dungeon.
             The game lasted 00:09:14 (3859 turns).

Descartes the Skirmisher (Formicid Abyssal Knight)  Turns: 3859, Time: 00:09:15

Health: -15/55     AC: 13    Str: 18    XL:     7   Next: 50%
Magic:  9/9        EV:  8    Int: 12    God:    Lugonu [**....]
Gold:   187        SH:  4    Dex: 10    Spells: 6/6 levels left

rFire    . . .     SeeInvis +   h - +2 mace (drain)
rCold    . . .     Gourm    .   x - +0 buckler
rNeg     . . .     Faith    .   n - +0 chain mail
rPois    .         Spirit   .   (helmet unavailable)
rElec    .         Reflect  .   z - +0 cloak
rCorr    .         Harm     .   v - +2 pair of gloves
MR       .....                  (no boots)
Stlth    ..........             (no amulet)
HPRegen  0.18/turn              (no ring)
MPRegen  0.11/turn              (no ring)

@: no status effects
A: permanent stasis, dig shafts and tunnels, four strong arms, antennae 3
a: Dig, Shaft Self, Depart the Abyss, Bend Space, Renounce Religion


You were on level 4 of the Dungeon.
You worshipped Lugonu.
Lugonu was pleased with you.
You were not hungry.

You visited 1 branch of the dungeon, and saw 4 of its levels.
You visited the Abyss 1 time.

You collected 187 gold pieces.

Inventory:

Hand Weapons
 h - a +2 mace of draining (weapon)
 A - a +1 mace of holy wrath
Missiles
 d - 97 arrows
 j - 92 stones (quivered)
 m - 5 javelins
 r - 70 bolts
 D - 52 sling bullets
 H - 5 large rocks
Armour
 n - a +0 chain mail (worn)
 v - a +2 pair of gloves (worn)
 x - a +0 buckler (worn)
 z - a +0 cloak (worn)
Wands
 a - a wand of acid (6)
 B - a wand of enslavement (10)
 C - a wand of flame (8)
Scrolls
 e - a scroll of amnesia {unknown}
 f - 2 scrolls of remove curse
 g - 3 scrolls of fear {unknown}
 i - 3 scrolls of teleportation {unknown}
 l - a scroll of noise {unknown}
 o - a scroll of fog {unknown}
 s - a scroll of random uselessness {unknown}
 t - a scroll of immolation {unknown}
 u - a scroll of identify
 y - a scroll of enchant armour {unknown}
 F - a scroll of blinking {unknown}
Potions
 b - a potion of brilliance {unknown}
 k - 2 potions of resistance
 p - 2 potions of heal wounds
 q - a potion of curing
 w - 2 potions of lignification
 E - a potion of might {unknown}
Comestibles
 c - 5 rations
 G - 11 chunks of flesh


   Skills:
 + Level 4.9 Fighting
   Level 2.1(2.8) Axes
 + Level 2.5(3.0) Maces & Flails
 + Level 3.9 Armour
 + Level 2.6 Dodging
 - Level 2.8 Shields
 + Level 3.9 Invocations
 + Level 1.2 Evocations


You had 6 spell levels left.
You didn't know any spells.
Your spell library was empty.

Dungeon Overview and Level Annotations

Branches:
Dungeon (4/15)
 Temple: D:4-7

Altars:
Dithmenos
Kikubaaqudgha
Makhleb
Zin

Shops:
D:4 *


Innate Abilities, Weirdness & Mutations

You cannot be hasted, slowed, berserked, paralysed or teleported.
You can dig through walls and to a lower floor.
Your four strong arms can wield two-handed weapons with a shield.
You have a pair of large antennae on your head. (SInv)


Message History

* * * LOW HITPOINT WARNING * * *
You closely miss the ogre.
The ogre is moderately wounded.
The ogre hits you with a +0 giant club.
* * * LOW HITPOINT WARNING * * *
Your chain mail prevents you from hitting the ogre.
The ogre is moderately wounded.
The ogre barely misses you.
There is an open door here.
You hit the ogre.
The ogre is moderately wounded.
The ogre hits you with a +0 giant club!
* * * LOW HITPOINT WARNING * * *
Your chain mail prevents you from hitting the ogre.
The ogre is moderately wounded.
The ogre barely misses you.
You hit the ogre.
The ogre is heavily wounded.
The ogre hits you with a +0 giant club!!
You die...

#....#.....# . .... #..
#....####'##.... #..# #.#
###..........# #..######.##
#..........# #..........+
#..........# #..........#
##..........#### #.##..###.##
#....########..####.##..###.#
#....'.........#..............
#....#.........@O.............
#....##########################
######


You could see an ogre.

Vanquished Creatures
  Grinder (D:3)
  Crazy Yiuf (D:2)
  2 orc priests
  A hound (D:4)
  2 orc wizards
  An iguana (D:4)
  A worker ant (D:4)
  Robin (D:3)
  An adder (D:2)
  An ooze (D:1)
  4 worms
  A dart slug (D:1)
  A leopard gecko (D:2)
  7 orcs
  2 ball pythons
  5 giant cockroaches
  13 goblins
  8 hobgoblins
  3 jackals (D:2)
  4 kobolds
  A quokka (D:2)
  6 bats
  10 frilled lizards
  A giant cockroach zombie (D:2)
  3 rats
81 creatures vanquished.

Notes
Turn   | Place    | Note
-------+----------+-------------------------------------------
     0 | Abyss:1  | Descartes the Formicid Abyssal Knight began the quest for
                  | the Orb.
     0 | Abyss:1  | Reached XP level 1. HP: 18/18 MP: 2/2
     8 | Abyss:2  | Found a corrupted altar of Lugonu.
    56 | Abyss:2  | Noticed a thrashing horror
    62 | D:1      | Escaped the Abyss
   430 | D:1      | Reached XP level 2. HP: 19/25 MP: 3/3
   443 | D:1      | Reached * piety under Lugonu
  1070 | D:1      | Reached skill level 1 in Dodging
  1150 | D:1      | Reached XP level 3. HP: 30/30 MP: 4/4
  1386 | D:2      | Found a shadowy altar of Dithmenos.
  1487 | D:2      | Found an ancient bone altar of Kikubaaqudgha.
  1490 | D:2      | Reached skill level 4 in Fighting
  1536 | D:2      | Reached XP level 4. HP: 34/37 MP: 5/5
  1627 | D:2      | Reached skill level 1 in Maces & Flails
  1683 | D:2      | Reached ** piety under Lugonu
  1890 | D:2      | Found a runed translucent door.
  1891 | D:2      | Noticed Crazy Yiuf
  1901 | D:2      | Killed Crazy Yiuf
  1901 | D:2      | Reached skill level 1 in Shields
  2125 | D:3      | Reached XP level 5. HP: 42/42 MP: 7/7
  2210 | D:3      | Noticed Grinder
  2246 | D:3      | Killed Grinder
  2246 | D:3      | Reached XP level 6. HP: 33/49 MP: 8/8
  2967 | D:3      | Found a burning altar of Makhleb.
  2971 | D:3      | Reached XP level 7. HP: 55/55 MP: 9/9
  3141 | D:4      | Noticed Robin
  3219 | D:3      | Killed Robin
  3359 | D:4      | Found Zin's Purification Station.
  3360 | D:4      | Found a glowing silver altar of Zin.
  3617 | D:4      | Reached skill level 1 in Evocations
  3859 | D:4      | Demolished by an ogre

Levels and vault maps discovered:
D:1:      ebering_hopf_link, layout_loops_ring
D:2:      layout_rooms, nicolae_dithmenos_through_a_glass_darkly,
          nicolae_overflow_hidden_temple, first_ration, uniq_crazy_yiuf_cottage
D:3:      layout_rooms, bloody_makhleb, uniq_grinder
D:4:      layout_gridville, zin_purify, grunt_ministairs_13, uniq_robin

Skill      XL: |  1  2  3  4  5  6  7 |
---------------+----------------------+-----
Dodging        | 1 2 |  2.6
Fighting       | 4 |  4.9
Maces & Flails | 1 2 |  2.5
Shields        | 1 2 |  2.8
Armour         | 3 |  3.9
Invocations    | 3 |  3.9
Evocations     | 1 |  1.2
Axes           | |  2.1

Action                   |  1- 3 |  4- 6 |  7- 9 || total
-------------------------+-------+-------+-------++-------
Melee: Hand axe          |    20 |       |       ||    20
       Mace              |    48 |    93 |    83 ||   224
Invok: Depart the Abyss  |     1 |       |       ||     1
 Abil: Dig               |     1 |       |       ||     1
  Use: Scroll            |       |     4 |       ||     4
       Potion            |       |     2 |       ||     2
  Eat: Chunk             |     2 |     5 |     3 ||    10
Armor: Leather armour    |     5 |       |       ||     5
       Chain mail        |    21 |    66 |    80 ||   167
Dodge: Dodged            |    35 |    36 |    57 ||   128
Block: Buckler           |       |    12 |    30 ||    42
